 Dungeon Crawl Stone Soup version 0.26.1-10-gdfb7c7de75 (webtiles) character file.

Game seed: 18176940070454462799

2 Elvor the Sneak (level 1, 0/14 HPs)
             Began as a Gargoyle Delver on Apr 12, 2021.
             Killed from afar by an orc wizard (7 damage)
             ... with a puff of flame
             ... on level 4 of the Dungeon.
             The game lasted 00:01:21 (187 turns).

Elvor the Sneak (Gargoyle Delver)                    Turns: 187, Time: 00:01:21

Health: 0/14       AC: 10    Str: 15    XL:     1   Next: 30%
Magic:  1/1        EV:  6    Int: 10    God:
Gold:   59         SH:  0    Dex: 11    Spells: 0/0 levels left

rFire    . . .     SeeInvis .   a - +0 mace
rCold    . . .     Faith    .   (no shield)
rNeg     + . .     Spirit   .   i - +0 chain mail
rPois    ∞         Reflect  .   (no helmet)
rElec    +         Harm     .   (no cloak)
rCorr    .         Rampage  .   (no gloves)
Will     .....                  (no boots)
Stlth    ..........             (no amulet)
HPRegen  0.04/turn              (no ring)
MPRegen  0.07/turn              (no ring)

@: no status effects
A: negative energy resistance 1, electricity resistance, unbreathing,
petrification resistance, miasma immunity, AC +2
a: no special abilities


You were on level 4 of the Dungeon.
You visited 1 branch of the dungeon, and saw 2 of its levels.

You collected 59 gold pieces.

Inventory:

Hand Weapons
 a - a +0 mace (weapon)
Armour
 b - a +0 leather armour
 i - a +0 chain mail (worn)
Wands
 g - a wand of digging (3)
Scrolls
 c - a scroll of fog
 d - a scroll of magic mapping
 e - a scroll of fear
 h - a scroll of amnesia {unknown}
 k - a scroll of identify {unknown}
Potions
 f - a potion of haste
 j - a potion of lignification {unknown}


   Skills:
 + Level 3.2 Fighting
 + Level 2.0 Maces & Flails
 + Level 1.5 Dodging
 + Level 5.6 Stealth


You couldn't memorise any spells.
You didn't know any spells.
Your spell library was empty.

Dungeon Overview and Level Annotations

Branches:
Dungeon (5/15)
 Temple: D:4-7

Altars:


Innate Abilities, Weirdness & Mutations

You are resistant to torment.
Your stone body is resilient. (AC +2)
You are immune to poison.
You resist negative energy. (rN+)
You are resistant to electric shocks. (rElec)
You can survive without breathing.
You are immune to petrification.
You are immune to miasma.


Message History

The orc barely misses you. The orc hits you with a +0 short sword.
You hit the orc.
The orc is almost dead.
The orc barely misses you. The orc completely misses you.
The orc hits you with a +0 short sword. The orc barely misses you.
The orc hits you but does no damage. x2
You hit the orc.
You kill the orc!
The orc closely misses you. The orc hits you with a +0 flail.
The orc barely misses you.
You barely miss the orc. The orc hits you but does no damage. x2
The orc wizard hits you but does no damage.
The orc hits you but does no damage. x2
You hit the orc.
The orc is moderately wounded.
The orc barely misses you. x2
The orc wizard points at you and mumbles some strange words.
The puff of flame hits you!
Ouch! That really hurt!
You die...

....... .....#..
#........ ###.......# ##
...(.....# .# # ###..
#O.#... .# .
#...?.##o.#.## .# ..
.....oo@ol...### ....#
#.#..oooo......###..#...
#.....oB................
#.#............####?.#..
. #...#...........>.....
......................#
.....................?.#
...............#####....
...#..........# .###


You could see an ogre, an iguana, an orc priest, an orc wizard, 7 orcs and a
giant cockroach.

Vanquished Creatures
  An orc (D:4)
1 creature vanquished.

Notes
Turn   | Place    | Note
-------+----------+-------------------------------------------
     0 | D:5      | Elvor the Gargoyle Delver began the quest for the Orb.
     0 | D:5      | Reached XP level 1. HP: 14/14 MP: 1/1
    20 | D:5      | Noticed a worker ant
   170 | D:4      | Noticed an iguana
   179 | D:4      | Noticed an orc wizard
   181 | D:4      | Noticed an orc priest
   183 | D:4      | Noticed an ogre
   187 | D:4      | Killed from afar by an orc wizard

Illustrated notes

Levels and vault maps discovered:
D:4:      layout_rooms, gammafunk_temple_overflow_forgotten,
          minmay_temple_entry_mini_moons, abandoned_shop
D:5:      layout_basic, lemuel_coloured_pillars_altar, basic_altar, uniq_ijyb

Action                   || total
-------------------------++-------
Melee: Mace              ||     4
Armor: Chain mail        ||     9
Dodge: Dodged            ||     8
